 Dungeon Crawl Stone Soup version 0.31-a0-868-g674d60d6f7 (webtiles) character file.

Game seed: 11750564498670366581

17361 Gergoth the Spear-Bearer (level 12, 0/99 HPs)
             Began as a Merfolk Gladiator on Oct 11, 2023.
             Was a Follower of Ashenzari.
             Killed from afar by an ogre mage (31 damage)
             ... with a bolt of magma
             ... on level 1 of the Orcish Mines.
             The game lasted 00:40:33 (12897 turns).

Gergoth the Spear-Bearer (Merfolk Gladiator)       Turns: 12897, Time: 00:40:34

Health: 0/99       AC: 14    Str: 16    XL:     12   Next: 47%
Magic:  21/21      EV: 17    Int: 11    God:    Ashenzari [*.....]
Gold:   370        SH:  5    Dex: 15    Spells: 23/23 levels left

rFire   . . .        s - +2 trident (drain)
rCold   . . .        H - +0 buckler
rNeg    . . .        F - +0 troll leather armour
rPois   +            c - +0 helmet
rElec   .            g - +2 cloak "Behold Eternity" {rPois, Comp, Fort} (curse)
rCorr   .            m - +0 pair of gloves of Supernal Gnosis {Melee, Self} (curse)
SInv    +            (no boots)
Will    .....        (no amulet)
Stlth   +            r - +4 ring of protection
HPRegen 1.16/turn    a - ring of see invisible
MPRegen 0.17/turn

%: no passive effects
@: no status effects
A: (nimble swimmer 2), mertail
a: Renounce Religion, Shatter the Chains


You were on level 1 of the Orcish Mines.
You worshipped Ashenzari.
Ashenzari was aware of your devotion.
You visited 3 branches of the dungeon, and saw 13 of its levels.

You collected 817 gold pieces.
You spent 447 gold pieces at shops.

Inventory:

Hand Weapons
 s - a +2 trident of draining (weapon)
 N - a +1 glaive of draining
 Y - the +6 spear of Feeding Evisceration {venom, Int+2}
   (You took it off an orc on level 9 of the Dungeon)

   Int+2:     It affects your intelligence (+2).
Missiles
 x - 4 boomerangs
 y - 6 javelins (quivered)
 B - 7 poisoned darts
 I - a throwing net
Armour
 c - a +0 helmet (worn)
 e - a +0 ring mail
 g - the cursed +2 cloak "Behold Eternity" (worn) {rPois, Comp, Fort}
   (You took it off Maurice on level 9 of the Dungeon)

   It has a curse which improves the following skills: Companions: Summonings
   and Necromancy.
   Fortitude: Armour and Shields.
 m - the cursed +0 pair of gloves of Supernal Gnosis (worn) {Melee, Self}
   (You found it on level 3 of the Dungeon)

   It has a curse which improves the following skills: Melee Combat: Short
   Blades, Long Blades, Axes, Maces & Flails, Polearms, Staves and Unarmed
   Combat.
   Introspection: Fighting and Spellcasting.
 w - the +18 Lear's hauberk
   (You found it on level 7 of the Dungeon)
 A - a +0 leather armour
 D - a +0 robe
 F - a +0 troll leather armour (worn)
 H - a +0 buckler (worn)
Jewellery
 a - a ring of see invisible (right hand)
 n - a ring of protection from fire
 r - a +4 ring of protection (left hand)
Wands
 d - a wand of charming (10)
 t - a wand of mindburst (3)
 v - a wand of flame (6)
 G - a wand of iceblast (12)
Scrolls
 j - 12 scrolls of identify
 k - 4 scrolls of fear
 l - 2 scrolls of silence
 p - 3 scrolls of teleportation
 q - a scroll of enchant weapon
 u - a scroll of fog
 C - a scroll of blinking
 O - a scroll of torment
 V - 3 scrolls of noise
Potions
 b - a potion of heal wounds
 f - 4 potions of attraction
 h - a potion of invisibility
 i - a potion of mutation
 o - 2 potions of might
 z - 2 potions of enlightenment
 E - 2 potions of haste
 J - a potion of berserk rage
 S - a potion of magic
 U - 3 potions of resistance
 Z - a potion of lignification


   Skills:
 - Level 10.0(10.7) Fighting
 - Level 14.0(14.7) Polearms
 - Level 2.0 Throwing
 + Level 6.9(7.7) Armour
 + Level 12.5 Dodging
 - Level 4.0(4.7) Shields
 + Level 5.6(6.4) Spellcasting


You had 23 spell levels left.
You didn't know any spells.
Your spell library contained the following spells:

 Spells                   Type           Power      Damage    Failure   Level
 Summon Small Mammal      Summ           12%        N/A       26%         1
 Apportation              Tloc           6%         N/A       28%         1
 Blink                    Tloc           6%         N/A       38%         2
 Jinxbite                 Hex            6%         N/A       38%         2
 Call Canine Familiar     Summ           3%         N/A       63%         3
 Gell's Gravitas          Tloc           3%         N/A       63%         3
 Ignite Poison            Fire/Tmut/Pois 3%         N/A       63%         3
 Ozocubu's Armour         Ice            3%         N/A       63%         3
 Summon Guardian Golem    Hex/Summ       3%         N/A       63%         3
 Teleport Other           Tloc           3%         N/A       63%         3
 Leda's Liquefaction      Hex/Erth       1%         N/A       95%         4
 Manifold Assault         Tloc           3%         N/A       95%         4
 Sticky Flame             Conj/Fire      3%         2d3       95%         4
 Alistair's Intoxication  Tmut/Pois      2%         N/A       100%        5
 Lee's Rapid Deconstruct  Erth           1%         3d4*      100%        5
 Metabolic Englaciation   Hex/Ice        1%         N/A       100%        5
 Bombard                  Conj/Erth      1%         9d1       100%        6
 Dispersal                Tloc           1%         N/A       100%        6
 Simulacrum               Ice/Necr       1%         N/A       100%        6
 Ignition                 Fire           1%         3d3       100%        8


Dungeon Overview and Level Annotations

Branches:
Dungeon (11/15)            Temple (1/1) D:7            Lair (0/5) D:11
    Orc (1/2) D:10

Altars:
Ashenzari
Cheibriados
Dithmenos
Elyvilon
Fedhas
Gozag
Hepliaklqana
Kikubaaqudgha
Makhleb
Nemelex Xobeh
Okawaru
Qazlal
Ru
Sif Muna
Trog
Uskayaw
Vehumet
Wu Jian
Xom
Yredelemnul
Zin
The Shining One

Shops:
D:1 (   D:4 ?   D:5 (   D:6 =


Innate Abilities, Weirdness & Mutations

((You are very nimble when in or above water. (Stealth+, EV+, Speed+++)))
Your lower body shifts to a powerful aquatic tail in water.


Message History

You puncture the two-headed ogre! You drain the two-headed ogre.
The two-headed ogre is heavily wounded.
The two-headed ogre closely misses you.
The two-headed ogre completely misses you.
You puncture the two-headed ogre!
The two-headed ogre is heavily wounded.
You puncture the two-headed ogre!
The two-headed ogre is severely wounded.
You hit the two-headed ogre.
The two-headed ogre is severely wounded.
The two-headed ogre barely misses you. You block the two-headed ogre's attack.
You hit the two-headed ogre. You drain the two-headed ogre.
The two-headed ogre is almost dead.
You hit the two-headed ogre but do no damage.
The two-headed ogre is almost dead.
The two-headed ogre hits you with a +0 giant spiked club!
The two-headed ogre barely misses you.
You puncture the two-headed ogre!
You kill the two-headed ogre!
Things that are here:
a +0 giant spiked club; a +3 dire flail of protection; a +0 giant club
There is an open door, spattered with blood here.
y - 6 javelins (gained 1)
There is a staircase to the Orcish Mines here.
You climb downwards.
Welcome back to the Orcish Mines!
The two-headed ogre hits you with a +0 giant club!!
The two-headed ogre hits you with a +0 giant club!
There is a staircase back to the Dungeon, spattered with blood here.
You block the two-headed ogre's attack.
The two-headed ogre hits you with a +0 giant club!
The ogre mage casts a spell at you.
You suddenly lose the ability to move!
You stop ascending the stairs.
The two-headed ogre barely misses you.
The two-headed ogre hits you with a +0 giant club!!
The ogre mage hits you with a +0 flail!
* * * LOW HITPOINT WARNING * * *
You can move again.
The ogre mage gestures at you while chanting.
The bolt of magma hits you!!
You die...

#. #.. #.. #...
#>.. .....
....##### ....#
......#.#......
........#....
......O...#
#...O@).#
#...OO..#
#........#
...((.##..##
...... ...
....## #...
#..# ...# #..
....


You could see 2 two-headed ogres, an ogre mage and an ogre.

Vanquished Creatures
  Fannar (D:10)
  7 two-headed ogres
  5 death yaks
  A deep troll earth mage (D:11)
  Pikel (D:6)
  A deep elf pyromancer (D:11)
  A manticore (D:10)
  A cyclops (D:11)
  Maurice (D:9)
  An unseen horror (D:11)
  Jeremiah (D:6)
  3 trolls
  Grinder (D:5)
  Sigmund (D:6)
  3 slime creatures
  A wyvern (D:8)
  A wraith (D:11)
  A yak (D:11)
  2 steam dragons
  2 acid dragons (D:9)
  2 water moccasins
  Duvessa (D:6)
  2 sky beasts
  2 ice beasts (D:6)
  4 orc warriors
  4 ogres
  3 lemures (D:6)
  6 centaurs
  3 kobold brigands
  Blork the orc (D:5)
  A bullfrog (D:8)
  2 scorpions (D:6)
  3 wights (D:10)
  Dowan (D:6)
  4 howler monkeys
  A vampire bat (D:5)
  2 jellies
  A gnoll bouda (D:6)
  7 orc priests
  7 hounds
  A sleepcap (D:7)
  3 iguanas
  9 orc wizards
  Robin (D:4)
  9 adders
  12 gnolls
  3 shadow imps
  A white imp (D:5)
  3 worms (D:2)
  2 dart slugs (D:4)
  3 fire bats (D:5)
  25 orcs
  2 spectral bats (D:5)
  7 ball pythons
  11 bats
  3 bat skeletons (D:5)
  A bat zombie (D:5)
  6 endoplasms
  A giant cockroach (D:1)
  10 goblins
  15 hobgoblins
  13 kobolds
  5 quokkas
  A bat simulacrum (D:5)
  4 frilled lizards
  4 rats
248 creatures vanquished.

Vanquished Creatures (others)
  A wizard (D:11)
1 creature vanquished.

Grand Total: 249 creatures vanquished

Notes
Turn   | Place    | Note
-------+----------+-------------------------------------------
     0 | D:1      | Gergoth the Merfolk Gladiator began the quest for the Orb.
     0 | D:1      | Reached XP level 1. HP: 16/16 MP: 1/1
    61 | D:1      | Found a faded altar of an unknown god.
   186 | D:1      | Reached XP level 2. HP: 16/23 MP: 2/2
   325 | D:1      | Found Laoxem's Weapon Boutique.
   494 | D:1      | Reached XP level 3. HP: 28/28 MP: 3/3
   902 | D:2      | Reached skill level 5 in Polearms
   961 | D:2      | You fall into a shaft and drop 1 floor!
   983 | D:3      | Reached XP level 4. HP: 34/34 MP: 4/4
  1014 | D:3      | Reached skill level 1 in Armour
  1461 | D:3      | Found an ancient bone altar of Kikubaaqudgha.
  1957 | D:3      | Reached XP level 5. HP: 31/41 MP: 5/5
  2070 | D:3      | Found a shimmering blue altar of Sif Muna.
  2070 | D:3      | Found a hazy altar of Hepliaklqana.
  2139 | D:4      | Noticed Robin
  2196 | D:3      | Reached skill level 5 in Dodging
  2258 | D:4      | Killed Robin
  2271 | D:4      | Reached skill level 6 in Polearms
  2376 | D:4      | Found Pacsos's Magic Scroll Emporium.
  2388 | D:4      | Bought a scroll of teleportation for 36 gold pieces
  2388 | D:4      | Bought a scroll of enchant weapon for 90 gold pieces
  3003 | D:5      | Entered Level 5 of the Dungeon
  3003 | D:5      | Noticed Blork the orc
  3058 | D:5      | Noticed an ogre
  3131 | D:5      | Killed an ogre
  3132 | D:5      | Reached XP level 6. HP: 47/47 MP: 6/6
  3305 | D:5      | Reached skill level 7 in Polearms
  3355 | D:5      | Reached XP level 7. HP: 53/53 MP: 7/7
  3510 | D:5      | Identified the +6 orcbow of Blood-Lust {heavy, rElec Str-4
                  | Int+2 SInv}
  3551 | D:5      | Noticed Grinder
  3630 | D:6      | Noticed Duvessa
  3631 | D:6      | Noticed Dowan
  3645 | D:6      | Killed Duvessa
  3646 | D:6      | Reached skill level 8 in Polearms
  3667 | D:6      | Killed Dowan
  3780 | D:6      | Noticed Jeremiah
  3812 | D:6      | Reached XP level 8. HP: 58/61 MP: 8/8
  3980 | D:6      | Reached skill level 5 in Fighting
  4008 | D:7      | Reached skill level 9 in Polearms
  4009 | D:7      | Identified the +6 long sword of Beogh's Supremacy {venom,
                  | rC+ Str+2 Int+6 Dex-3}
  4315 | D:7      | Found a glowing golden altar of the Shining One.
  4424 | D:6      | Noticed Sigmund
  5148 | D:7      | Found a large runed translucent door.
  5149 | D:7      | Found a large runed translucent door.
  5149 | D:7      | Found a shimmering altar of Xom.
  5154 | D:7      | Found a staircase to the Ecumenical Temple.
  5186 | D:7      | Noticed a troll
  5205 | Temple   | Entered the Ecumenical Temple
  5317 | Temple   | Became a worshipper of Ashenzari the Shackled
  5468 | Temple   | Killed a troll
  5469 | Temple   | Reached skill level 10 in Polearms
  5469 | Temple   | Reached XP level 9. HP: 61/69 MP: 9/9
  5511 | D:7      | Got the -2 helmet of Esilimuy {Dex+3}
  5548 | D:7      | Found the +18 Lear's hauberk
  6311 | D:8      | Noticed a two-headed ogre
  6354 | D:9      | Identified the +6 spear of Feeding Evisceration {venom,
                  | Int+2}
  6358 | D:9      | Noticed a troll
  6387 | D:8      | Reached skill level 11 in Polearms
  6596 | D:8      | Killed a two-headed ogre
  6703 | D:8      | Noticed a two-headed ogre
  6719 | D:8      | Killed a two-headed ogre
  6720 | D:8      | Reached skill level 12 in Polearms
  6720 | D:8      | Reached XP level 10. HP: 79/79 MP: 10/10
  7060 | D:6      | Found an opulent altar of Gozag.
  7348 | D:6      | Noticed Pikel
  7349 | D:6      | Found Cyados's Jewellery Shop.
  7421 | D:6      | Found a sacrificial altar of Ru.
  7440 | D:6      | Killed Pikel
  7441 | D:6      | Reached skill level 13 in Polearms
  7441 | D:6      | Reached skill level 1 in Shields
  7494 | D:6      | Killed Sigmund
  7980 | D:6      | Killed Jeremiah
  8083 | D:5      | Killed Grinder
  8143 | D:5      | Killed Blork the orc
  8206 | D:5      | Found Wealoffei's Antique Weapon Shop.
  9192 | D:1      | Bought a +1 glaive of venom for 207 gold pieces
  9295 | D:4      | Bought a scroll of torment for 114 gold pieces
  9702 | D:9      | Reached skill level 14 in Polearms
  9951 | D:9      | Noticed Maurice
 10010 | D:9      | Maurice stole an orb of energy
 10012 | D:9      | Maurice stole a throwing net
 10026 | D:9      | Killed Maurice
 10027 | D:9      | Reached XP level 11. HP: 76/87 MP: 9/11
 10323 | D:10     | Entered Level 10 of the Dungeon
 10367 | D:10     | Found a staircase to the Orcish Mines.
 10681 | D:10     | Reached skill level 10 in Fighting
 10986 | D:10     | Noticed Fannar
 11029 | D:10     | Killed Fannar
 11030 | D:10     | Reached skill level 5 in Armour
 11030 | D:10     | Reached skill level 1 in Spellcasting
 11414 | Orc:1    | Entered Level 1 of the Orcish Mines
 11414 | Orc:1    | Noticed a two-headed ogre
 11416 | Orc:1    | Noticed a two-headed ogre
 11417 | Orc:1    | Noticed an ogre mage
 11421 | Orc:1    | Noticed a two-headed ogre
 11422 | Orc:1    | Noticed a two-headed ogre
 11423 | Orc:1    | Noticed a two-headed ogre
 11431 | D:10     | Killed a two-headed ogre
 11432 | D:10     | Reached skill level 10 in Dodging
 11509 | D:11     | Noticed a two-headed ogre
 11521 | D:11     | Killed a two-headed ogre
 11523 | D:11     | Noticed a cyclops
 11528 | D:11     | Noticed a manticore
 11551 | D:10     | Killed a manticore
 11605 | D:11     | Killed a cyclops
 11655 | D:11     | Noticed a two-headed ogre
 11670 | D:11     | Killed a two-headed ogre
 11716 | D:11     | Noticed a death yak
 11716 | D:11     | Noticed a death yak
 11717 | D:11     | Noticed a death yak
 11719 | D:11     | Noticed a death yak
 11721 | D:11     | Noticed a death yak
 11739 | D:10     | Killed a death yak
 11842 | D:10     | Killed a death yak
 11855 | D:11     | Found a staircase to the Lair.
 11891 | D:10     | Killed a death yak
 11892 | D:10     | Reached XP level 12. HP: 70/97 MP: 18/18
 11951 | D:10     | Killed a death yak
 11999 | D:11     | Killed a death yak
 12264 | D:11     | Noticed a deep troll earth mage
 12265 | D:11     | Reached skill level 5 in Spellcasting
 12455 | D:11     | Killed a deep troll earth mage
 12689 | D:10     | Reached * piety under Ashenzari
 12758 | D:10     | Killed a two-headed ogre
 12868 | D:10     | Killed a two-headed ogre
 12893 | Orc:1    | Paralysed by an ogre mage for 4 turns
 12897 | Orc:1    | Killed from afar by an ogre mage

Illustrated notes

Levels and vault maps discovered:
D:1:      roderic_crossed_star, layout_rooms,
          shapermc_ecumenical_altar_mp_highgroup, serial_shops, shop,
          minivault_25
D:2:      layout_loops_corners
D:3:      layout_basic, gammafunk_temple_overflow_elements,
          mainiacjoe_overflow_brackets, minmay_misc_feat_x
D:4:      layout_basic, serial_shops, shop, uniq_robin
D:5:      layout_cave_pools, serial_shops, shop, minivault_11,
          amcnicky_mini_pool_small, goddamned_bats, uniq_blork_the_orc,
          uniq_grinder
D:6:      layout_basic, nicolae_ru_great_annihilating_truth,
          nicolae_gozag_seed_capital, minmay_shop_enchanted_jewellery,
          chequers_serial_rivers_room_b, uniq_duvessa, uniq_pikel, uniq_sigmund,
          uniq_jeremiah
D:7:      due_chaos_kobolds, layout_basic, lemuel_round_altar,
          minmay_temple_entry_stoned_glass, hellmonk_guarded_unrand_lears
D:8:      layout_loops_ring
D:9:      layout_basic, uniq_maurice
D:10:     layout_basic, david_orc_2, uniq_fannar
D:11:     layout_basic, dpeg_lair_monsters, minmay_three_doors
Temple:   nicolae_temple_slightly_damp_pantheon
Orc:1:    layout_diamond_mine, basic_altar, special_room [special_room_orc],
          uniq_snorg

Skill      XL: |  1  2  3  4  5  6  7  8  9 10 11 12 |
---------------+-------------------------------------+-----
Polearms       | 5 6 7 8 10 12 14 | 14.0
Armour         | 1 2 3 4 6 |  6.9
Fighting       | 3 4 5 7 8 10 | 10.0
Dodging        | 5 6 7 9 11 12 | 12.5
Shields        | 4 |  4.0
Spellcasting   | 4 5 |  5.6
Throwing       | |  2.0

Action                     |  1- 3 |  4- 6 |  7- 9 | 10-12 || total
---------------------------+-------+-------+-------+-------++-------
  Melee: Trident           |   109 |   239 |   373 |   726 ||  1447
         Tailslap          |       |     1 |     3 |       ||     4
         Punch             |       |     3 |     2 |     2 ||     7
  Throw: Javelin           |       |     1 |     3 |    11 ||    15
         Throwing net      |       |     1 |     4 |     1 ||     6
         Boomerang         |       |       |       |     9 ||     9
         Dart              |       |       |       |    23 ||    23
 Invoke: Curse Item        |       |       |       |     2 ||     2
  Evoke: Wand              |       |       |     9 |     5 ||    14
    Use: Scroll            |       |     4 |       |     9 ||    13
         Potion            |       |       |     1 |     1 ||     2
   Stab: Sleeping          |     1 |     2 |       |       ||     3
         Distracted        |       |     1 |       |       ||     1
         Held in net/web   |       |     1 |     5 |       ||     6
 Armour: Leather armour    |    40 |   127 |   138 |       ||   305
         Chain mail        |       |       |    45 |   124 ||   169
         Troll leather arm |       |       |       |   152 ||   152
         Skin              |       |       |       |     4 ||     4
  Dodge: Dodged            |    40 |   172 |   199 |   208 ||   619
  Block: Buckler           |       |       |       |    60 ||    60

Table legend: (Time is in decaauts)
 A = Elapsed time spent in this place.
 B = Non-inter-level travel time spent in this place.
 C = Inter-level travel time spent in this place.
 D = Time resting spent in this place.
 E = Time spent auto-exploring this place.
 F = Levels seen in this place.
 G = Mean time per level.
                   A        B        C        D        E       F      G
               +--------+--------+--------+--------+--------+-----+--------+
         Total |  12563 |  11969 |    594 |   1479 |   6584 |  13 |  966.4 |
       Dungeon |  12302 |  11710 |    592 |   1469 |   6584 |  11 | 1118.4 |
        Temple |    245 |    245 |      0 |     10 |      0 |   1 |  245.0 |
  Orcish Mines |     15 |     13 |      2 |      0 |      0 |   1 |   15.0 |
               +--------+--------+--------+--------+--------+-----+--------+

Top non-repeatable levels by time:
     D:7: 1665 daAuts
     D:6: 1582 daAuts
    D:10: 1330 daAuts
     D:3: 1286 daAuts
     D:4: 1106 daAuts
     D:9: 1049 daAuts
    D:11: 989 daAuts
     D:2: 958 daAuts
     D:8: 875 daAuts
     D:5: 772 daAuts
     D:1: 686 daAuts
  Temple: 245 daAuts
   Orc:1: 15 daAuts
